 Dungeon Crawl Stone Soup version 0.29.1-15-g9cfb28693d (webtiles) character file.

Game seed: 379570000273308555

1006 promet the Cleaver (level 8, -6/69 HPs)
             Began as a Hill Orc Fighter on Feb 27, 2023.
             Splashed by a jelly's acid (8 damage)
             ... on level 6 of the Dungeon.
             The game lasted 00:22:17 (5678 turns).

promet the Cleaver (Hill Orc Fighter)               Turns: 5678, Time: 00:22:18

Health: -6/69      AC: -2    Str: 21    XL:     8   Next: 20%
Magic:  8/8        EV: 10    Int:  8    God:
Gold:   108        SH:  5    Dex: 10    Spells: 7/7 levels left

rFire   . . .      SeeInvis .   a - +0 war axe
rCold   . . .      Faith    .   c - +0 buckler
rNeg    . . .      Spirit   .   b - +0 scale mail
rPois   .          Reflect  .   (helmet restricted)
rElec   .          Harm     .   (no cloak)
rCorr   .          Rampage  .   (no gloves)
Will    .....                   (no boots)
Stlth   ..........              t - amulet of magic regeneration
HPRegen 0.21/turn               i - ring of flight
MPRegen 0.51/turn               (no ring)

@: corroded, flying
A: antennae 1, iridescent scales 1
a: no special abilities


You were on level 6 of the Dungeon.
You visited 1 branch of the dungeon, and saw 6 of its levels.

You collected 108 gold pieces.

Inventory:

Hand Weapons
 a - a +0 war axe (weapon)
 f - a +0 trident
 j - a +0 rapier
 o - a +0 dagger of venom
Missiles
 e - 27 stones
Armour
 b - a +0 scale mail (worn)
 c - a +0 buckler (worn)
 h - a +0 plate armour
Jewellery
 g - a ring of fire
 i - a ring of flight (left hand)
 s - a +6 ring of dexterity
 t - an amulet of magic regeneration (around neck)
Wands
 k - a wand of roots (2)
 p - a wand of flame (1) (quivered)
Scrolls
 m - a scroll of teleportation
Potions
 d - a potion of heal wounds
 l - 6 potions of brilliance
 n - a potion of curing
 q - 4 potions of lignification


   Skills:
 + Level 5.5 Fighting
 + Level 8.2 Axes
 + Level 4.7 Armour
 + Level 1.9 Dodging
 + Level 0.4 Stealth
 + Level 5.0 Shields
 + Level 2.2 Evocations


You had 7 spell levels left.
You didn't know any spells.
Your spell library contained the following spells:

 Spells                   Type           Power      Damage    Failure   Level
 Static Discharge         Conj/Air       0%         3-3/arc   91%         2
 Gell's Gravitas          Tloc           0%         N/A       99%         3
 Teleport Other           Tloc           0%         N/A       99%         3
 Dispel Undead            Necr           0%         3d6       100%        4
 Sticky Flame             Conj/Fire      0%         2d3       100%        4
 Dispersal                Tloc           0%         N/A       100%        6


Dungeon Overview and Level Annotations

Branches:
Dungeon (6/15)
 Temple: D:4-7

Altars:

Annotations:
D:4 Dowan, Duvessa
D:6 Grinder


Innate Abilities, Weirdness & Mutations

You have a pair of small antennae on your head.
You are partially covered in iridescent scales. (AC +2)


Message History

You block the black bear's attack. The black bear closely misses you.
You hit the black bear but do no damage.
The black bear is heavily wounded.
The black bear bites you. The black bear closely misses you.
The black bear claws you. You block the jelly's attack.
The black bear bites you. The black bear completely misses you.
The black bear closely misses you.
The black bear bites you but does no damage.
The black bear claws you. The black bear barely misses you.
You hit the black bear.
The black bear is almost dead.
You hit the jelly but do no damage.
Your hands burn!
The black bear goes berserk!
The jelly barely misses you.
You slash the black bear!
You kill the black bear!
You hit the jelly.
Your hands burn!
The jelly hits you but does no damage.
You hit the jelly.
Your hands burn!
The jelly is heavily wounded.
You block the jelly's attack.
You hit the jelly. The acid corrodes you!
Your hands burn!
The jelly is heavily wounded.
The jelly hits you.
You are splashed with acid!
You barely miss the jelly.
The jelly is heavily wounded.
You block the jelly's attack.
You slash the jelly! The acid corrodes you!
Your hands burn!
The jelly is almost dead.
The jelly hits you.
You are splashed with acid!
* * * LOW HITPOINT WARNING * * *
You hit the jelly but do no damage.
Your hands burn!
* * * LOW HITPOINT WARNING * * *
The jelly is almost dead.
The jelly hits you.
* * * LOW HITPOINT WARNING * * *
The acid corrodes you!
You are splashed with acid!
* * * LOW HITPOINT WARNING * * *
The jelly hits you.
* * * LOW HITPOINT WARNING * * *
You are splashed with acid!
You die...

.......<.......
.....##........
.........###..#
##..##.>......#
##..##.........
##..##...#..#...
........##.###..
..#.#J...#.... .
# #.@...##.
#.......# ..
................
.#.............
###............
#............
#............
............


You could see a jelly.

Vanquished Creatures
  A black bear (D:6)
  A bullfrog (D:6)
  2 necrophages (D:5)
  2 scorpions
  A howler monkey (D:6)
  A jelly (D:5)
  3 orc priests
  5 hounds
  An iguana (D:5)
  4 orc wizards
  3 gnolls (D:5)
  8 adders
  A white imp (D:5)
  An ufetubus (D:5)
  A worm (D:4)
  2 dart slugs
  8 orcs
  6 endoplasms
  2 giant cockroaches
  3 goblins
  5 hobgoblins
  7 jackals
  A quokka (D:2)
  4 ball pythons
  4 bats
  3 frilled lizards
  5 kobolds
  A rat (D:3)
86 creatures vanquished.

Vanquished Creatures (others)
  A kobold (D:4)
1 creature vanquished.

Grand Total: 87 creatures vanquished

Notes
Turn   | Place    | Note
-------+----------+-------------------------------------------
     0 | D:1      | promet the Hill Orc Fighter began the quest for the Orb.
     0 | D:1      | Reached XP level 1. HP: 19/19 MP: 1/1
   116 | D:1      | Reached skill level 3 in Axes
   276 | D:1      | Reached XP level 2. HP: 21/27 MP: 2/2
   551 | D:1      | Found a faded altar of an unknown god.
  1010 | D:2      | Reached XP level 3. HP: 33/33 MP: 3/3
  1857 | D:3      | Reached skill level 4 in Axes
  1857 | D:3      | Reached XP level 4. HP: 12/40 MP: 4/4
  3092 | D:4      | Reached XP level 5. HP: 44/47 MP: 5/5
  3268 | D:4      | Reached skill level 5 in Axes
  3348 | D:4      | Noticed Duvessa
  3348 | D:4      | Noticed Dowan
  3356 | D:4      | HP: 2/47 [poisoned by a gnoll]
  3357 | D:5      | Entered Level 5 of the Dungeon
  3669 | D:5      | Reached XP level 6. HP: 45/53 MP: 6/6
  3693 | D:5      | Reached skill level 6 in Axes
  4487 | D:5      | Reached XP level 7. HP: 60/60 MP: 7/7
  4615 | D:5      | Reached skill level 7 in Axes
  4715 | D:5      | Gained mutation: You are partially covered in iridescent
                  | scales. (AC +2) [potion of mutation]
  4715 | D:5      | Gained mutation: You have a pair of small antennae on your
                  | head. [potion of mutation]
  4803 | D:6      | Reached skill level 5 in Fighting
  4856 | D:6      | Reached skill level 1 in Evocations
  5225 | D:5      | Reached skill level 1 in Dodging
  5427 | D:6      | Noticed Grinder
  5624 | D:6      | Reached skill level 5 in Shields
  5634 | D:6      | Reached XP level 8. HP: 66/68 MP: 8/8
  5648 | D:6      | Reached skill level 8 in Axes
  5678 | D:6      | HP: 3/69 [acid (7)]
  5678 | D:6      | Splashed by a jelly's acid

Illustrated notes

Levels and vault maps discovered:
D:1:      minmay_arrival_diagonal_passages, layout_rooms,
          ebering_ecumenical_altar_box
D:2:      layout_loops_ring, bh_walls_and_bars
D:3:      layout_basic, hangedman_abyss_or_decor_stabs
D:4:      layout_basic, gammafunk_ghost_arena, hangedman_minor_gate_pass,
          uniq_duvessa
D:5:      layout_basic, kennysheep_small_circle
D:6:      layout_cave_pools, mainiacjoe_overflow_six_doors_small,
          minmay_temple_entry_glass, uniq_grinder

Skill      XL: |  1  2  3  4  5  6  7  8 |
---------------+-------------------------+-----
Axes           | 3 4 5 6 7 8 |  8.2
Fighting       | 4 5 |  5.5
Shields        | 4 5 |  5.0
Armour         | 4 |  4.7
Evocations     | 1 2 |  2.2
Dodging        | 1 |  1.9
Stealth        | |  0.4

Action                   |  1- 3 |  4- 6 |  7- 9 || total
-------------------------+-------+-------+-------++-------
Melee: War axe           |   101 |   149 |    86 ||   336
       Dagger            |     2 |     3 |       ||     5
Throw: Stone             |     2 |       |       ||     2
Evoke: Wand              |       |    12 |    20 ||    32
  Use: Scroll            |     7 |     6 |     1 ||    14
       Potion            |       |     6 |     1 ||     7
Armor: Scale mail        |    48 |    64 |    39 ||   151
Dodge: Dodged            |    48 |    59 |    53 ||   160
Block: Buckler           |    30 |    45 |    19 ||    94
